Map: Eternal Empire LE

Players

HeroMarine

  • Race: Terran Terran
  • League: Master
  • Spawn Location: 7:00

ShaDoWn - Winner!

  • Race: Protoss Protoss
  • Spawn Location: 1:00

Event: DreamHack SC2 Masters 2020 Summer Europe

VOD

Have the link to the VOD?

Description

Time

  • Played on: July 5, 2020, 11:38 a.m.
  • Length: 15:23

All games in this series

Show
View Real Time Build Order
Export as new Build Order

HeroMarine Terran 

Build Orders:  

Get SALT Encoding   

  12  0:00  SCV  
  13  0:12  SCV  
  14  0:17  Supply Depot  
  14  0:25  SCV  
  15  0:38  SCV  
  15  0:40  Barracks  
  16  0:44  Refinery  
  16  0:51  SCV  
  17  1:03  SCV  
  18  1:15  SCV  
  19  1:26  Marine  
  19  1:27  Orbital Command  
  20  1:42  Command Center  
  20  1:53  Factory  
  20  1:57  SCV  
  21  2:03  Barracks Reactor  
  21  2:09  SCV  
  21  2:12  Supply Depot  
  22  2:17  Bunker  
  22  2:21  SCV  
  23  2:34  SCV  
  26  2:37  Hellion  
  26  2:40  Marine x2  
  28  2:44  Starport  
  28  2:47  SCV  
  29  2:55  Orbital Command  
  29  3:00  Hellion  
  29  3:04  Marine  
  32  3:05  Marine  
  32  3:09  SCV  
  34  3:20  Medivac  
  34  3:21  SCV x2  
  34  3:22  Hellion  
  34  3:26  Supply Depot  
  40  3:28  Marine  
  40  3:30  Marine  
  42  3:34  Refinery  
  42  3:35  SCV  
  42  3:38  SCV  
  44  3:45  Factory Tech Lab  
  44  3:47  SCV  
  44  3:48  Marine x2  
  46  3:50  SCV  
  46  3:51  Supply Depot  
  48  3:56  Starport Tech Lab  
  48  4:00  SCV  
  48  4:02  SCV  
  50  4:06  Marine x2  
  52  4:12  SCV, Cyclone  
  52  4:13  Supply Depot  
  52  4:14  SCV  
  57  4:23  Marine  
  57  4:24  SCV, Marine  
  60  4:26  SCV  
  58  4:36  SCV  
  58  4:37  Banshee  
  58  4:38  SCV  
  58  4:41  Marine x2  
  55  4:48  Siege Tank  
  55  4:50  Supply Depot  
  58  4:54  Bunker  
  58  4:56  Bunker  
  58  4:59  SCV x2, Marine x2  
  60  5:09  Refinery  
  60  5:11  SCV x2  
  62  5:17  Marine x2  
  62  5:20  Siege Tank  
  66  5:23  SCV x2  
  66  5:32  Banshee  
  66  5:35  SCV x2, Marine x2  
  71  5:47  SCV x2  
  73  5:52  Marine  
  73  5:53  Marine  
  69  5:59  SCV x2  
  71  6:06  Siege Tank  
  74  6:12  SCV x2  
  74  6:18  Barracks  
  76  6:20  Marine  
  76  6:21  Marine  
  76  6:24  SCV  
  76  6:25  SCV  
  77  6:32  Banshee  
  80  6:33  Bunker  
  80  6:36  SCV  
  80  6:37  SCV  
  80  6:38  Marine, Siege Tank  
  86  6:42  Marine  
  79  6:55  SCV x2  
  79  6:56  Marine  
  79  7:00  Marine  
  81  7:05  Marine  
  81  7:07  SCV x2  
  70  7:23  SCV x2, Marine x2  
  70  7:29  Engineering Bay  
  71  7:31  Starport Reactor  
  71  7:33  Siege Tank  
  71  7:35  SCV x2  
  76  7:38  Refinery  
  76  7:41  Marine x2  
  78  7:46  Refinery  
  78  7:50  Supply Depot  
  78  7:51  SCV x2  
  78  7:52  Marauder  
  78  7:54  Supply Depot  
  78  7:55  Stimpack  
  82  7:59  Marine x2  
  82  8:03  SCV  
  82  8:04  SCV  
  83  8:10  Barracks  
  83  8:13  Marauder  
  83  8:17  Starport Reactor, Terran Infantry Weapons Level 1, Missile Turret  
  85  8:21  Marine x2  
  87  8:33  Command Center  
  87  8:35  SCV  
  87  8:37  SCV  
  87  8:47  SCV  
  87  8:49  SCV  
  87  8:50  Marauder  
  87  8:51  Marine x2  
  92  9:00  SCV, Medivac x2  
  92  9:01  SCV  
  102  9:05  Barracks x2  
  98  9:10  Marauder  
  98  9:12  SCV, Combat Shield  
  98  9:13  SCV  
  102  9:18  Supply Depot  
  102  9:21  Marauder  
  102  9:24  SCV  
  105  9:25  SCV  
  105  9:29  Marine  
  105  9:30  Marine  
  105  9:31  Marauder  
  105  9:36  SCV  
  105  9:37  SCV  
  109  9:40  Concussive Shells, Medivac x2  
  109  9:42  Marauder  
  109  9:45  Supply Depot  
  115  9:48  SCV  
  115  9:49  SCV  
  117  9:53  Marauder  
  117  9:59  Marine x2  
  120  10:00  SCV, Marine x2, Barracks Tech Lab  
  120  10:01  SCV  
  120  10:04  Marauder  
  127  10:08  Orbital Command  
  127  10:09  Supply Depot  
  127  10:12  SCV  
  127  10:14  SCV  
  129  10:19  Marauder x2  
  132  10:21  Medivac  
  132  10:22  Medivac  
  132  10:25  Terran Infantry Armor Level 1  
  132  10:26  Marine x4  
  140  10:30  SCV  
  140  10:31  SCV  
  142  10:36  Marauder  
  142  10:40  Marauder  
  142  10:41  Marauder  
  148  10:44  Marine x4  
  148  10:45  Starport  
  148  10:46  Factory Reactor  
  152  10:52  Refinery x2  
  152  10:56  Viking  
  153  10:57  Viking  
  155  11:04  Ghost Academy  
  155  11:06  Marine x2  
  155  11:08  Missile Turret  
  157  11:18  Marauder x2  
  151  11:22  Marauder  
  134  11:29  Viking x2  
  135  11:35  Enhanced Shockwaves  
  135  11:38  Viking, Ghost x2  
  135  11:39  Marine  
  142  11:40  Marine x3  
  142  11:41  Viking  
  147  11:50  Supply Depot x2, Ghost  
  149  12:00  Marine  
  152  12:01  Viking  
  152  12:03  Viking  
  152  12:08  Viking, Marauder  
  156  12:11  Marauder  
  156  12:14  Bunker, Marine x3  
  161  12:18  Viking  
  161  12:19  Marauder  
  165  12:29  Marauder  
  167  12:31  Marine x2  
  167  12:32  Marine  
  167  12:33  Supply Depot, Marauder  
  167  12:35  Supply Depot  
  172  12:38  Orbital Command  
  172  12:43  Orbital Command  
  172  12:46  Viking  
  172  12:48  Marauder  
  168  13:00  Medivac x2  
  168  13:03  Ghost x2  
  176  13:08  Marine x3  
  176  13:09  Ghost  
  181  13:20  Viking  
  183  13:27  Marine x2  
  183  13:28  Marine  
  183  13:29  Marine  
  183  13:31  Ghost  
  183  13:33  Supply Depot  
  189  13:34  Supply Depot  
  187  13:54  Liberator x2  
  191  14:00  Marauder  
  191  14:01  Marauder x2  
  197  14:05  Marine  
  179  14:13  Marine x3  
  165  14:21  Marauder  
  162  14:25  Marine x2  
  162  14:30  Marine  
  144  14:39  Marine  
  124  14:58  Marauder  
  119  15:05  Marine  
Show
View Real Time Build Order
Export as new Build Order

ShaDoWn Protoss - Winner!

Build Orders: 1 Gate Expand, Blink Stalkers 

Get SALT Encoding   

  12  0:00  Probe  
  13  0:13  Probe  
  14  0:18  Pylon  
  14  0:25  Probe  
  15  0:33  Probe  
  15  0:37  Gateway  
  15  0:41  Probe  
  16  0:43  Assimilator  
  17  0:51  Probe  
  18  1:03  Probe  
  19  1:15  Probe  
  20  1:23  Cybernetics Core  
  20  1:32  Nexus  
  20  1:38  Pylon  
  20  1:42  Probe  
  20  1:46  Assimilator  
  21  1:50  Stalker  
  21  1:54  Probe  
  22  2:01  Warp Gate  
  24  2:06  Probe  
  25  2:18  Probe  
  25  2:19  Adept  
  28  2:25  Twilight Council  
  28  2:30  Probe  
  29  2:40  Probe  
  29  2:42  Probe  
  30  2:48  Probe  
  30  2:51  Robotics Facility  
  31  2:54  Probe  
  31  2:58  Probe, Blink  
  34  3:06  Probe  
  34  3:11  Probe  
  36  3:18  Probe  
  37  3:20  Gateway  
  37  3:23  Probe  
  38  3:31  Probe  
  38  3:32  Gateway, Observer  
  39  3:35  Gateway  
  39  3:41  Probe, Pylon  
  40  3:44  Probe  
  40  3:45  Warp Prism  
  42  3:48  Stalker  
  46  4:03  Probe, Pylon  
  46  4:04  Probe  
  48  4:14  Stalker  
  48  4:15  Stalker  
  48  4:16  Probe  
  53  4:18  Probe  
  53  4:28  Stalker  
  55  4:31  Stalker  
  55  4:38  Stalker  
  51  4:40  Probe  
  47  4:48  Probe  
  49  4:52  Probe  
  49  5:08  Stalker x2  
  49  5:11  Probe  
  52  5:38  Stalker x4  
  52  5:40  Probe  
  61  5:45  Probe  
  60  5:54  Probe  
  57  5:57  Probe  
  57  6:02  Stalker x2  
  62  6:08  Pylon  
  62  6:16  Probe x2  
  62  6:28  Probe x2  
  62  6:29  Stalker x3  
  70  6:33  Pylon, Assimilator x2  
  70  6:45  Observer  
  70  6:51  Probe x2, Stalker  
  68  7:03  Probe x2  
  68  7:08  Stalker  
  69  7:09  Stalker  
  69  7:12  Stalker, Nexus  
  69  7:15  Probe  
  69  7:16  Probe  
  69  7:22  Stalker  
  68  7:26  Probe  
  68  7:27  Probe  
  70  7:34  Probe  
  70  7:36  Probe  
  70  7:42  Probe  
  72  7:45  Probe  
  72  7:47  Robotics Bay  
  74  7:53  Probe  
  74  7:57  Probe  
  75  8:05  Probe  
  75  8:09  Probe, Pylon  
  75  8:10  Charge  
  77  8:13  Pylon  
  77  8:14  Forge  
  77  8:18  Probe  
  77  8:19  Colossus  
  78  8:21  Gateway  
  78  8:24  Probe  
  79  8:28  Probe  
  80  8:36  Probe  
  87  8:44  Probe  
  87  8:45  Probe  
  87  8:47  Extended Thermal Lance  
  87  8:48  Probe, Protoss Ground Weapons Level 1  
  80  8:52  Sentry x2  
  80  8:54  Shield Battery  
  84  8:57  Colossus  
  84  8:58  Gateway  
  84  8:59  Gateway  
  84  9:03  Shield Battery  
  84  9:06  Probe x3  
  93  9:18  Probe x2  
  93  9:22  Pylon  
  93  9:23  Sentry  
  97  9:30  Sentry, Zealot  
  97  9:31  Zealot  
  101  9:32  Probe  
  101  9:34  Probe  
  101  9:37  Assimilator x2  
  101  9:38  Colossus  
  104  9:44  Probe  
  105  9:51  Gateway  
  104  9:53  Gateway  
  104  9:57  Nexus  
  110  10:02  Probe  
  111  10:09  Templar Archives, Pylon  
  111  10:18  Zealot x4  
  115  10:32  Pylon  
  115  10:34  Gateway  
  115  10:39  Probe  
  115  10:41  Immortal, Shield Battery, Protoss Ground Weapons Level 2  
  116  10:46  High Templar x4  
  116  10:49  Pylon  
  124  10:50  Archon  
  124  10:51  Pylon, Archon  
  124  10:55  Zealot x3  
  132  11:03  Pylon  
  132  11:04  Pylon  
  132  11:08  Zealot  
  132  11:09  Zealot  
  132  11:10  Probe x3  
  137  11:20  Zealot x5  
  137  11:25  Probe  
  128  11:28  Probe x2  
  130  11:33  Warp Prism  
  130  11:35  High Templar x2  
  130  11:36  Zealot, High Templar x2  
  130  11:38  Probe  
  142  11:40  Assimilator x2  
  142  11:42  Archon x2  
  143  11:48  Zealot x2  
  143  11:50  Zealot  
  143  11:52  Zealot  
  151  12:04  High Templar x2  
  151  12:06  Pylon  
  155  12:09  Archon  
  155  12:14  High Templar x2  
  155  12:15  Zealot x6  
  167  12:18  Archon  
  171  12:28  Pylon  
  171  12:29  Pylon  
  171  12:37  Stalker x4  
  171  12:40  Pylon  
  177  12:46  Probe  
  177  12:51  Disruptor  
  166  12:58  Zealot x6  
  166  13:00  High Templar x4  
  166  13:04  Robotics Facility  
  166  13:05  Archon x2  
  189  13:14  Pylon  
  189  13:15  Disruptor  
  189  13:26  Nexus  
  182  13:36  Zealot x10  
  190  13:44  Disruptor  
  187  13:57  Stalker x6  
  199  14:09  Probe  
  172  14:11  Disruptor  
  172  14:15  Probe  
  171  14:17  High Templar x2  
  171  14:18  High Templar x2  
  171  14:19  Disruptor  
  171  14:20  Zealot x6  
  171  14:23  Archon  
  171  14:24  Archon  
  148  14:40  Zealot x6  
  150  14:51  Zealot x4  
  142  15:03  Stalker x6  
  136  15:13  Zealot x4  
Tags
 
Add a new tag
Caveats
  • Supply blocks, unpowered buildings, or Contaminate may cause inaccurate times.
  • Supply counts are checked every 10 seconds.